 Dungeon Crawl Stone Soup version 0.29.1-12-g30fa7ad0bf (webtiles) character file.

Game seed: 353884909859711625

265 wormed the Sneak (level 6, -2/32 HPs)
             Began as a Vine Stalker Brigand on Dec 21, 2022.
             Was an Initiate of Wu Jian.
             Slain by an iguana (8 damage)
             ... on level 4 of the Dungeon.
             The game lasted 00:11:36 (3398 turns).

wormed the Sneak (Vine Stalker Brigand)             Turns: 3398, Time: 00:11:36

Health: -2/32      AC:  8    Str: 14    XL:     6   Next: 20%
Magic:  0/7        EV: 12    Int: 11    God:    Wu Jian [......]
Gold:   251        SH:  0    Dex: 17    Spells: 5/5 levels left

rFire   . . .      SeeInvis .   a - +2 dagger
rCold   . . .      Faith    .   (no shield)
rNeg    . . .      Spirit   +   s - +0 leather armour
rPois   .          Reflect  .   (no helmet)
rElec   .          Harm     .   c - +0 cloak
rCorr   .          Rampage  .   (no gloves)
Will    .....                   (no boots)
Stlth   +++.......              (no amulet)
HPRegen 0.90/turn               y - +4 ring of protection
MPRegen 0.10/turn               (no ring)

@: no status effects
A: fangs 2, regeneration 1, magic shield, antimagic bite, no potion heal 2
a: Renounce Religion


You were on level 4 of the Dungeon.
You worshipped Wu Jian.
Wu Jian was noncommittal.
You visited 1 branch of the dungeon, and saw 4 of its levels.

You collected 251 gold pieces.

Inventory:

Hand Weapons
 a - a +2 dagger (weapon)
Missiles
 d - 9 poisoned darts (quivered)
 e - 3 curare-tipped darts
Armour
 c - a +0 cloak (worn)
 s - a +0 leather armour (worn)
Magical Staves
 j - a staff of conjuration
 v - a staff of earth
Jewellery
 y - a +4 ring of protection (left hand)
Scrolls
 f - a scroll of acquirement {unknown}
 g - 3 scrolls of identify {unknown}
 i - 3 scrolls of teleportation {unknown}
 l - a scroll of butterflies {unknown}
 p - a scroll of enchant armour {unknown}
 q - a scroll of fear {unknown}
 r - a scroll of magic mapping {unknown}
 t - a scroll of torment {unknown}
 w - 2 scrolls of vulnerability {unknown}
Potions
 b - a potion of mutation {unknown}
 h - 3 potions of lignification
 k - 2 potions of heal wounds {unknown}
 m - 3 potions of curing {unknown}
 n - a potion of flight {unknown}
 o - a potion of resistance
 u - a potion of haste {unknown}
 x - a potion of berserk rage {unknown}
 z - a potion of magic {unknown}
 A - a potion of attraction {unknown}


   Skills:
 * Level 3.1 Fighting
 * Level 3.1 Short Blades
 + Level 2.8 Throwing
 + Level 2.0 Dodging
 + Level 5.8 Stealth


You had 5 spell levels left.
You didn't know any spells.
Your spell library contained the following spells:

 Spells                   Type           Power      Damage    Failure   Level
 Portal Projectile        Hex/Tloc       0%         N/A       80%         3
 Tukima's Dance           Hex            0%         N/A       80%         3
 Blade Hands              Tmut           0%         N/A       100%        5


Dungeon Overview and Level Annotations

Branches:
Dungeon (4/15)
 Temple: D:4-7

Altars:
Wu Jian


Innate Abilities, Weirdness & Mutations

You have extremely sharp teeth.
Your natural rate of healing is unusually fast.
When hurt, damage is shared between your health and your magic reserves.
Your bite disrupts and absorbs the magic of your enemies.
Potions cannot restore your health.


Message History

The iguana is severely wounded.
You hit the iguana.
The iguana is lightly wounded.
The iguana bites you. The iguana barely misses you.
You hit the iguana but do no damage.
The iguana is lightly wounded.
The iguana bites you. The iguana misses you.
You barely miss the iguana. You bite the iguana. You drain its power.
You feel invigorated.
The iguana is heavily wounded.
The iguana barely misses you. The iguana bites you.
You hit the iguana. Your bite misses the iguana.
The iguana is almost dead.
The iguana closely misses you. The iguana bites you.
You hit the iguana.
You kill the iguana!
The Council accepts your kill. The iguana closely misses you.
You barely miss the iguana. Your bite misses the iguana.
The iguana is heavily wounded.
You hit the iguana but do no damage. Your bite misses the iguana.
The iguana is heavily wounded.
The iguana bites you.
You closely miss the iguana. You bite the iguana, but do no damage.
The iguana is heavily wounded.
The iguana bites you!
* * * LOW HITPOINT WARNING * * *
You hit the iguana but do no damage. Your bite misses the iguana.
The iguana is heavily wounded.
The iguana bites you!
* * * LOW HITPOINT WARNING * * *
You hit the iguana but do no damage. Your bite misses the iguana.
The iguana is heavily wounded.
The iguana closely misses you.
You hit the iguana.
The iguana is severely wounded.
You hit the iguana but do no damage.
The iguana is severely wounded.
The iguana bites you!
You die...

#....[+ #..... ##
######## #....# ...
#......# #....#..
#......# #.....
#......# #...####.. #
#......# #......... #
#......####l####### #
#..........@....... #
#..............#### ##
#..............+ .#
######.........#
.###### #.........#
.'..#.# ###.........#
.##.#.# #.'...........
.##...###.#...........
.#..#...#.#.........###


You could see an iguana.

Vanquished Creatures
  A phantom (D:3)
  A scorpion (D:4)
  An iguana (D:4)
  2 adders
  A worm (D:2)
  2 dart slugs (D:1)
  7 orcs
  5 ball pythons
  3 endoplasms
  3 giant cockroaches
  4 goblins
  5 hobgoblins
  6 jackals
  7 kobolds
  3 quokkas
  8 bats
  3 frilled lizards
  12 rats
74 creatures vanquished.

Notes
Turn   | Place    | Note
-------+----------+-------------------------------------------
     0 | D:1      | wormed the Vine Stalker Brigand began the quest for the
                  | Orb.
     0 | D:1      | Reached XP level 1. HP: 11/11 MP: 2/2
    16 | D:1      | Noticed a black bear
    16 | D:1      | Noticed a wolf
    16 | D:1      | Noticed a komodo dragon
    17 | D:1      | Noticed a salamander
    17 | D:1      | Noticed a swamp drake
   418 | D:1      | Reached skill level 1 in Dodging
   418 | D:1      | Reached XP level 2. HP: 15/15 MP: 3/3
   440 | D:1      | Reached skill level 5 in Stealth
   647 | D:1      | Reached XP level 3. HP: 6/18 MP: 1/4
  2077 | D:2      | Found a faded altar of an unknown god.
  2196 | D:2      | Gained mutation: Your natural rate of healing is unusually
                  | fast. [Vine Stalker growth]
  2196 | D:2      | Reached XP level 4. HP: 23/23 MP: 3/5
  3179 | D:4      | Found an ornate altar of the Wu Jian Council.
  3187 | D:4      | Became a worshipper of the Wu Jian Council
  3191 | D:4      | Noticed a phantom
  3232 | D:4      | Noticed a scorpion
  3251 | D:3      | Killed a phantom
  3252 | D:3      | Reached XP level 5. HP: 17/28 MP: 6/6
  3272 | D:4      | Reached XP level 6. HP: 17/32 MP: 5/7
  3398 | D:4      | Slain by an iguana

Illustrated notes

Levels and vault maps discovered:
D:1:      onia_arrival_zoo_common, layout_basic, minmay_tripent
D:2:      layout_basic, ebering_ecumenical_altar_mist, minmay_misc_feat_encased,
          guppyfry_early_orc_mine
D:3:      layout_loops_ring
D:4:      layout_basic, kennysheep_mini_moat, mainiacjoe_overflow_big_doors,
          nicolae_qazlal_general_emergency, minmay_misc_feat_doors,
          minmay_tree_intersection, minmay_a_box_with_orc_wizards_in_it

Skill      XL: |  1  2  3  4  5 |
---------------+----------------+-----
Dodging        | 1 2 |  2.0
Fighting       | 2 3 |  3.1
Short Blades   | 2 3 |  3.1
Throwing       | 2 |  2.8
Stealth        | 5 |  5.8

Action                   |  1- 3 |  4- 6 || total
-------------------------+-------+-------++-------
Melee: Dagger            |   109 |   129 ||   238
       Bite              |    29 |    33 ||    62
       Punch             |     2 |     1 ||     3
Invok: Lunge             |       |     2 ||     2
  Use: Potion            |     1 |       ||     1
 Stab: Sleeping          |     7 |     9 ||    16
       Distracted        |       |     1 ||     1
Armor: Robe              |    24 |       ||    24
       Skin              |    19 |       ||    19
       Leather armour    |     3 |    41 ||    44
Dodge: Dodged            |    61 |    62 ||   123
